 Dungeon Crawl Stone Soup version 0.28-a0-477-g0b43c73ce0 (webtiles) character file.

Game seed: 14509573533843038957

6033 McIrco the Protected (level 10, -11/91 HPs)
             Began as a Minotaur Fighter on Sept 17, 2021.
             Was an Initiate of Gozag.
             Mangled by a seven-headed hydra (12 damage)
             ... on level 9 of the Dungeon.
             The game lasted 00:14:15 (10673 turns).

McIrco the Protected (Minotaur Fighter)            Turns: 10673, Time: 00:14:15

Health: -11/91     AC: 22    Str: 25    XL:     10   Next: 56%
Magic:  9/9        EV:  8    Int:  5    God:    Gozag
Gold:   1431       SH:  0    Dex: 15    Spells: 9/9 levels left

rFire   . . .      SeeInvis .   I - +1 whip (venom)
rCold   . . .      Faith    .   c - +0 buckler
rNeg    . . .      Spirit   .   v - +0 plate armour
rPois   .          Reflect  .   D - +2 hat
rElec   .          Harm     .   (no cloak)
rCorr   .          Rampage  .   n - +0 pair of gloves
Will    .....                   l - +0 pair of boots
Stlth   ..........              (no amulet)
HPRegen 0.25/turn               k - +6 ring of dexterity
MPRegen 0.11/turn               h - ring of flight

@: confused, ambrosia-drunk, flying
A: horns 2, retaliatory headbutt
a: Renounce Religion, Potion Petition, Call Merchant, Bribe Branch


You were on level 9 of the Dungeon.
You worshipped Gozag.
Gozag was most pleased with you.
You visited 2 branches of the dungeon, and saw 10 of its levels.
You also visited: Ossuary.

You collected 1514 gold pieces.
You paid 83 gold pieces to Gozag.

Inventory:

Hand Weapons
 a - a +1 war axe
 I - a +1 whip of venom (weapon)
Armour
 b - a +0 scale mail
 c - a +0 buckler (worn)
 l - a +0 pair of boots (worn)
 n - a +0 pair of gloves (worn)
 v - a +0 plate armour (worn)
 D - a +2 hat (worn)
Jewellery
 h - a ring of flight (right hand)
 k - a +6 ring of dexterity (left hand)
 G - an amulet of guardian spirit
 H - a +6 ring of dexterity
Wands
 s - a wand of paralysis (22)
 w - a wand of charming (12)
 y - a wand of flame (13)
Scrolls
 g - 3 scrolls of enchant weapon
 i - 7 scrolls of identify
 p - 2 scrolls of teleportation
 r - 2 scrolls of fear {unknown}
 t - a scroll of immolation {unknown}
 x - 2 scrolls of vulnerability {unknown}
 z - 5 scrolls of amnesia {unknown}
 A - a scroll of enchant armour {unknown}
 B - 3 scrolls of fog {unknown}
 C - 4 scrolls of acquirement {unknown}
 E - 2 scrolls of blinking {unknown}
Potions
 d - a potion of might
 f - 5 potions of mutation {unknown}
 j - 3 potions of curing
 m - a potion of attraction
 o - 3 potions of flight
 q - 2 potions of cancellation {unknown}
 u - 2 potions of haste
 F - a potion of magic {unknown}


   Skills:
 + Level 9.6 Fighting
 - Level 2.4 Axes
 * Level 14.8 Armour
 + Level 8.1 Shields


You had 9 spell levels left.
You didn't know any spells.
Your spell library was empty.

Dungeon Overview and Level Annotations

Branches:
Dungeon (9/15)             Temple (1/1) D:5            Lair (0/6) D:8
    Orc (0/2) D:9         Ossuary (visited)

Altars:
Ashenzari
Cheibriados
Dithmenos
Elyvilon
Fedhas
Gozag
Hepliaklqana
Kikubaaqudgha
Makhleb
Nemelex Xobeh
Okawaru
Qazlal
Ru
Sif Muna
Trog
Uskayaw
Vehumet
Wu Jian
Xom
Yredelemnul
Zin
The Shining One
Jiyva

Annotations:
D:8 2 transporters


Innate Abilities, Weirdness & Mutations

You have a pair of horns on your head.
You reflexively headbutt those who attack you in melee.


Message History

I - a +1 whip of venom (weapon)
The seven-headed hydra bites you!
The seven-headed hydra bites you but does no damage.
The seven-headed hydra bites you.
You block the seven-headed hydra's attack.
The seven-headed hydra bites you but does no damage. x2
The seven-headed hydra bites you!
Unknown command.
Unknown command.
You whack the seven-headed hydra!
The seven-headed hydra is poisoned.
The seven-headed hydra is lightly wounded.
You block the seven-headed hydra's attack.
The seven-headed hydra bites you but does no damage.
The seven-headed hydra bites you.
The seven-headed hydra closely misses you.
The seven-headed hydra bites you!
You block the seven-headed hydra's attack.
The seven-headed hydra bites you but does no damage.
Unknown command.
You are confused.
You feel invigorated. The seven-headed hydra bites you!
The seven-headed hydra bites you but does no damage.
The seven-headed hydra barely misses you.
The seven-headed hydra completely misses you.
The seven-headed hydra barely misses you.
The seven-headed hydra bites you! x2
* * * LOW HITPOINT WARNING * * *
Unknown command.
You whack the seven-headed hydra! You headbutt the seven-headed hydra.
The seven-headed hydra is lightly wounded.
The seven-headed hydra bites you but does no damage.
The seven-headed hydra bites you!
* * * LOW HITPOINT WARNING * * *
The seven-headed hydra bites you but does no damage.
The seven-headed hydra bites you!
* * * LOW HITPOINT WARNING * * *
The seven-headed hydra bites you but does no damage.
The seven-headed hydra bites you!
You die...
Your body crumbles into a pile of gold.

##### #.##....<...)##
##)...... ##
#.###....####)###.#######
.# #.# ##.#.#
##)#.######## .########.#
#.#.# #...........
..........# #.#.#
############ ###########
#.#.# # #.#.# # #.#># #
#.#@# # #.#D# # #.#.# # #
#.#.# # . #.#.# # #.#.#.#
# #.#.#.## # ##.#....###
# #..$..#...# #


You could see a seven-headed hydra (very poisoned).

Vanquished Creatures
  A two-headed ogre (D:9)
  A hornet (D:6)
  The ghost of paps the Cudgeller, an amateur DsGl of Gozag (D:4)
  A shadow (D:7)
  Sigmund (D:3)
  5 wyverns
  4 yaks (D:8)
  A steam dragon (D:8)
  3 water moccasins (D:8)
  4 ice beasts
  An orc warrior (D:6)
  A sky beast (D:6)
  2 black bears (D:8)
  2 ogres
  3 wolves (D:8)
  A centaur (D:7)
  2 kobold brigands
  2 bullfrogs
  A gnoll sergeant (D:9)
  A scorpion (D:5)
  A water moccasin skeleton (D:6)
  4 killer bees (D:7)
  A bullfrog zombie (D:5)
  A centaur zombie (D:8)
  2 crimson imps
  A gnoll shaman (D:7)
  4 hounds
  2 orc priests
  A human zombie (Ossuary)
  2 jellies
  Terence (D:3)
  2 iguanas (D:6)
  Natasha (thrice) (D:4)
  6 orc wizards
  2 mummies (Ossuary)
  3 howler monkey zombies
  5 adders
  15 gnolls
  2 white imps (D:7)
  An adder skeleton (D:5)
  An adder zombie (Ossuary)
  2 worms (D:3)
  3 dart slugs
  14 orcs
  5 bats
  7 endoplasms
  3 giant cockroaches
  5 goblins
  6 hobgoblins
  5 jackals
  13 kobolds
  6 quokkas
  4 ball pythons
  3 frilled lizards (D:1)
  2 goblin zombies (Ossuary)
  11 hobgoblin zombies (Ossuary)
  3 jackal zombies (Ossuary)
  13 kobold zombies (Ossuary)
  5 orc zombies (Ossuary)
  9 rats
  A rat zombie (Ossuary)
218 creatures vanquished.

Vanquished Creatures (others)
  9 plants (D:8)
9 creatures vanquished.

Grand Total: 227 creatures vanquished

Notes
Turn   | Place    | Note
-------+----------+-------------------------------------------
     0 | D:1      | McIrco the Minotaur Fighter began the quest for the Orb.
     0 | D:1      | Reached XP level 1. HP: 19/19 MP: 0/0
   250 | D:1      | Reached XP level 2. HP: 23/27 MP: 1/1
   346 | D:1      | Reached skill level 4 in Armour
   939 | D:1      | Reached XP level 3. HP: 30/33 MP: 2/2
  1331 | D:2      | Reached XP level 4. HP: 15/41 MP: 3/3
  2355 | D:3      | Noticed Sigmund
  2366 | D:3      | Killed Sigmund
  2367 | D:3      | Reached skill level 5 in Fighting
  2367 | D:3      | Reached skill level 5 in Armour
  2367 | D:3      | Reached skill level 5 in Shields
  2367 | D:3      | Reached XP level 5. HP: 29/49 MP: 4/4
  2595 | D:3      | Noticed an ice beast
  2604 | D:3      | Killed an ice beast
  2605 | D:3      | Reached skill level 6 in Armour
  2605 | D:3      | Reached XP level 6. HP: 44/57 MP: 5/5
  3297 | D:3      | Noticed Terence
  3300 | D:3      | Killed Terence
  3537 | D:4      | Noticed an ice beast
  3545 | D:4      | Killed an ice beast
  3639 | D:4      | Noticed Natasha
  3644 | D:4      | Killed Natasha
  3645 | D:4      | Reached XP level 7. HP: 64/64 MP: 6/6
  3671 | D:4      | Found a white marble altar of Elyvilon.
  3769 | D:4      | Noticed Natasha
  3773 | D:4      | Killed Natasha
  3783 | D:4      | Found a runed translucent door.
  3818 | D:4      | Noticed Natasha
  3824 | D:4      | Reached skill level 7 in Armour
  3834 | D:4      | Killed Natasha
  4323 | D:4      | Noticed paps's ghost (amateur DsGl)
  4424 | D:5      | Entered Level 5 of the Dungeon
  4601 | D:5      | Found a staircase to the Ecumenical Temple.
  4608 | Temple   | Entered the Ecumenical Temple
  4811 | Temple   | Became a worshipper of Gozag Ym Sagoz the Greedy
  4840 | D:5      | Found an ancient bone altar of Kikubaaqudgha.
  4852 | D:5      | Found a radiant altar of Vehumet.
  4853 | D:5      | Found a burning altar of Makhleb.
  4938 | D:5      | Reached skill level 8 in Armour
  5400 | D:6      | Reached XP level 8. HP: 71/73 MP: 7/7
  5414 | D:6      | Reached skill level 9 in Armour
  5613 | D:6      | Noticed a hornet
  5620 | D:6      | Paralysed by a hornet for 3 turns
  5848 | D:6      | Killed a hornet
  5849 | D:6      | Reached skill level 10 in Armour
  6540 | D:7      | Reached skill level 11 in Armour
  6741 | D:7      | Reached XP level 9. HP: 80/80 MP: 8/8
  7500 | D:7      | Reached skill level 12 in Armour
  7665 | D:7      | Identified the +1 robe of Resourcefulness {Int+2}
  7841 | D:8      | Found a glowing golden altar of the Shining One.
  7847 | D:8      | Found a hide-covered altar of Uskayaw.
  7885 | D:8      | Found a transporter.
  7956 | D:8      | Found a viscous altar of Jiyva.
  7984 | D:8      | Found a transporter.
  8005 | D:8      | Reached skill level 13 in Armour
  8034 | D:8      | Reached XP level 10. HP: 39/90 MP: 9/9
  8072 | D:8      | Reached skill level 14 in Armour
  8074 | D:8      | Found a staircase to the Lair.
  8130 | D:8      | Found a sand-covered staircase.
  8161 | Ossuary  | Entered an ossuary
  8807 | D:8      | Noticed a glowing orange brain
  9344 | D:9      | Found a staircase to the Orcish Mines.
  9883 | D:9      | Noticed a seven-headed hydra
  9883 | D:9      | Noticed a two-headed ogre
 10068 | D:9      | Killed a two-headed ogre
 10478 | D:4      | Killed paps's ghost
 10673 | D:9      | HP: 1/91 [seven-headed hydra (10)]
 10673 | D:9      | Mangled by a seven-headed hydra

Illustrated notes

Levels and vault maps discovered:
D:1:      dpeg_arrival_round_a, layout_basic
D:2:      layout_basic
D:3:      layout_rooms, serial_co_window_serial, co_window_paths_b,
          co_window_corner_a, co_window_paths_a, co_window_corner_a,
          co_window_paths_b, co_window_broadway_b, co_window_broadway_c,
          co_window_corner_b, co_window_cross_2, co_window_unsneaky_path_c,
          co_window_paths_e, glass_columns_c, glass_columns_a, glass_columns_a,
          uniq_terence, uniq_sigmund
D:4:      layout_loops_ring, mainiacjoe_overflow_24_doors,
          gammafunk_ghost_grave, uniq_natasha
D:5:      layout_cave_pods, grunt_temple_overflow_lords_of_destruction,
          overflow_temple_1_default, minmay_temple_entry_wispy
D:6:      layout_loops_ring
D:7:      layout_loops_ring, minmay_fire_ice_demons
D:8:      gammafunk_jiyva_shrine, layout_basic, mainiacjoe_overflow_big_doors,
          minmay_lair_entry_grove, nicolae_ossuary_entry_plus, chequers_garden
D:9:      layout_loops_ring, hangedman_minor_gate_pass
Temple:   regret_index_temple_sphere_string

Skill      XL: |  1  2  3  4  5  6  7  8  9 10 |
---------------+-------------------------------+-----
Shields        | 4 5 6 7 8 |  8.1
Armour         | 4 5 6 8 11 13 14 | 14.8
Fighting       | 4 5 6 7 8 9 |  9.6
Axes           | |  2.4

Action                   |  1- 3 |  4- 6 |  7- 9 | 10-12 || total
-------------------------+-------+-------+-------+-------++-------
Melee: War axe           |    74 |    83 |   251 |   154 ||   562
       Headbutt          |     5 |    11 |    63 |    33 ||   112
       Whip              |       |       |       |     2 ||     2
  Use: Scroll            |       |       |    11 |     1 ||    12
       Potion            |       |       |     5 |     2 ||     7
 Stab: Distracted        |       |       |     1 |     1 ||     2
Armor: Scale mail        |    24 |    31 |       |       ||    55
       Plate armour      |       |     4 |   186 |   106 ||   296
Dodge: Dodged            |    40 |    35 |   102 |    63 ||   240
Block: Buckler           |    23 |    19 |    71 |    56 ||   169

Table legend: (Time is in decaauts)
 A = Elapsed time spent in this place.
 B = Non-inter-level travel time spent in this place.
 C = Inter-level travel time spent in this place.
 D = Time resting spent in this place.
 E = Time spent auto-exploring this place.
 F = Levels seen in this place.
 G = Mean time per level.
                   A        B        C        D        E       F      G
               +--------+--------+--------+--------+--------+-----+--------+
         Total |  10911 |  10279 |    632 |   1024 |   7420 |  11 |  991.9 |
       Dungeon |  10117 |   9549 |    568 |    898 |   7049 |   9 | 1124.1 |
        Temple |    215 |    152 |     63 |      0 |    137 |   1 |  215.0 |
       Ossuary |    578 |    578 |      0 |    126 |    234 |   1 |  578.0 |
               +--------+--------+--------+--------+--------+-----+--------+

Top non-repeatable levels by time:
     D:7: 1340 daAuts
     D:8: 1293 daAuts
     D:3: 1248 daAuts
     D:1: 1201 daAuts
     D:2: 1133 daAuts
     D:4: 1090 daAuts
     D:6: 1027 daAuts
     D:5: 991 daAuts
     D:9: 792 daAuts
 Ossuary: 578 daAuts
  Temple: 215 daAuts
